 Dungeon Crawl Stone Soup version 0.27.0-1-g7a089689b8 (webtiles) character file.

Game seed: 3244654670252471545

647 jimbutter the Skirmisher (level 7, 0/69 HPs)
             Began as a Gargoyle Berserker on Aug 2, 2021.
             Was a Priest of Trog.
             Slain by an acid dragon (1 damage)
             ... on level 5 of the Dungeon.
             The game lasted 00:11:31 (4515 turns).

jimbutter the Skirmisher (Gargoyle Berserker)       Turns: 4515, Time: 00:11:31

Health: 0/69       AC:  7    Str: 23    XL:     7   Next: 52%
Magic:  7/7        EV:  9    Int:  7    God:    Trog [***...]
Gold:   190        SH:  5    Dex:  9    Spells: 6/6 levels left

rFire    . . .     SeeInvis .   e - +0 flail
rCold    . . .     Faith    .   (no shield)
rNeg     + . .     Spirit   .   g - +0 chain mail
rPois    ∞         Reflect  +   (no helmet)
rElec    +         Harm     .   n - +0 cloak
rCorr    .         Rampage  .   (no gloves)
Will     .....                  i - +0 pair of boots
Stlth    ..........             m - amulet of reflection
HPRegen  0.21/turn              (no ring)
MPRegen  0.10/turn              (no ring)

@: berserking, corroded, very quick
A: sickness immunity, AC +4, negative energy resistance 1, electricity
resistance, torment resistance 1, petrification resistance
a: Renounce Religion, Berserk, Trog's Hand


You were on level 5 of the Dungeon.
You worshipped Trog.
Trog was most pleased with you.
You visited 1 branch of the dungeon, and saw 5 of its levels.

You collected 190 gold pieces.

Inventory:

Hand Weapons
 a - a +0 mace
 e - a +0 flail (weapon)
Missiles
 h - 6 atropa-tipped darts (quivered)
Armour
 g - a +0 chain mail (worn)
 i - a +0 pair of boots (worn)
 n - a +0 cloak (worn)
Jewellery
 m - an amulet of reflection (around neck)
Scrolls
 d - a scroll of enchant armour {unknown}
 f - 5 scrolls of identify {unknown}
 j - 2 scrolls of teleportation {unknown}
 k - 2 scrolls of noise {unknown}
 o - a scroll of brand weapon {unknown}
 s - a scroll of blinking {unknown}
 t - a scroll of immolation {unknown}
 u - a scroll of fear {unknown}
Potions
 b - a potion of invisibility {unknown}
 c - 2 potions of curing {unknown}
 l - a potion of lignification {unknown}
 p - a potion of haste {unknown}
 q - a potion of heal wounds {unknown}
 r - 2 potions of resistance {unknown}


   Skills:
 + Level 6.0 Fighting
 + Level 5.4 Maces & Flails
 - Level 2.1 Armour
 + Level 4.0 Dodging


You had 6 spell levels left.
You didn't know any spells.
Your spell library was empty.

Dungeon Overview and Level Annotations

Branches:
Dungeon (5/15)             Temple (0/1) D:4

Altars:
Dithmenos
Fedhas
Qazlal
Uskayaw
Xom


Innate Abilities, Weirdness & Mutations

You are immune to sickness and miasma.
Your stone body is resilient. (AC +4)
You are immune to poison.
You resist negative energy. (rN+)
You are resistant to electric shocks. (rElec)
You are resistant to unholy torment.
You are immune to petrification.


Message History

You hit the scorpion but do no damage.
The scorpion is severely wounded.
The scorpion stings you.
You barely miss the scorpion.
The scorpion is severely wounded.
The scorpion barely misses you.
You hit the scorpion.
The scorpion is almost dead.
You block the scorpion's attack. The scorpion stings you.
You sock the scorpion!
You kill the scorpion!
Trog accepts your kill.
Your Fighting skill increases to level 6!
Your Dodging skill increases to level 4!
You thump the acid dragon!
The acid dragon is moderately wounded.
The acid dragon bites you but does no damage.
The acid dragon closely misses you.
You closely miss the acid dragon.
The acid dragon is moderately wounded.
The acid dragon bites you! The acid dragon misses you.
You completely miss the acid dragon.
The acid dragon is moderately wounded.
The acid dragon spits acid at you. The splash of acid hits you.
The acid corrodes you!
You are splashed with acid!
A red film seems to cover your vision as you go berserk!
You feel yourself moving faster!
You feel mighty!
The acid dragon bites you but does no damage.
The acid dragon barely misses you.
You barely miss the acid dragon.
The acid dragon is moderately wounded.
The acid dragon spits acid at you. The splash of acid hits you!
* * * LOW HITPOINT WARNING * * *
The acid corrodes you!
You are splashed with acid!
* * * LOW HITPOINT WARNING * * *
You barely miss the acid dragon.
The acid dragon is moderately wounded.
You block the acid dragon's attack. The acid dragon claws you.
You die...

########
###...@D.#
#....###....#
#..÷...##...#
#..#.#.|#.#.#
#..#..#.# . .#
#..##...####
.##
#.÷÷####...## .
#.#...)#.#..#.#
#....#.#..#.#.#


You could see an acid dragon (catching breath).

Vanquished Creatures
  An ice beast (D:4)
  An ogre (D:3)
  A scorpion (D:5)
  2 centaur zombies (D:5)
  A jelly (D:3)
  A gnoll shaman (D:4)
  A bullfrog skeleton (D:4)
  2 iguanas (D:5)
  A killer bee zombie (D:5)
  An adder (D:5)
  7 gnolls (D:4)
  An adder skeleton (D:4)
  2 worms
  5 dart slugs
  3 orcs (D:4)
  4 bats
  6 endoplasms
  4 giant cockroaches
  12 goblins
  6 hobgoblins
  13 jackals
  4 quokkas
  11 ball pythons
  A frilled lizard (D:3)
  5 kobolds
  2 rats (D:1)
98 creatures vanquished.

Notes
Turn   | Place    | Note
-------+----------+-------------------------------------------
     0 | D:1      | jimbutter the Gargoyle Berserker began the quest for the
                  | Orb.
     0 | D:1      | Reached XP level 1. HP: 14/14 MP: 1/1
   159 | D:1      | Reached XP level 2. HP: 12/19 MP: 2/2
   440 | D:1      | Reached ** piety under Trog
   441 | D:1      | Reached XP level 3. HP: 24/24 MP: 3/3
  1277 | D:2      | Reached skill level 4 in Fighting
  1494 | D:2      | Reached XP level 4. HP: 29/29 MP: 4/4
  1761 | D:3      | Noticed an ogre
  1776 | D:3      | Killed an ogre
  1777 | D:3      | Reached XP level 5. HP: 34/34 MP: 5/5
  1851 | D:3      | Found a shimmering altar of Xom.
  1915 | D:3      | Found a shadowy altar of Dithmenos.
  2077 | D:3      | Found a stormy altar of Qazlal.
  2080 | D:3      | Found a blossoming altar of Fedhas.
  2165 | D:3      | Found a faded altar of an unknown god.
  2548 | D:4      | HP: 1/51 [gnoll (6)]
  2549 | D:4      | Reached XP level 6. HP: 2/40 MP: 6/6
  2553 | D:4      | Reached skill level 5 in Fighting
  2950 | D:4      | Reached *** piety under Trog
  3217 | D:4      | Found a hide-covered altar of Uskayaw.
  3392 | D:4      | Noticed an ice beast
  3401 | D:4      | Killed an ice beast
  3402 | D:4      | Reached XP level 7. HP: 44/44 MP: 7/7
  3683 | D:4      | Found a staircase to the Ecumenical Temple.
  4182 | D:5      | Entered Level 5 of the Dungeon
  4195 | D:5      | Reached skill level 5 in Maces & Flails
  4510 | D:5      | Reached skill level 6 in Fighting
  4514 | D:5      | HP: 1/69 [acid (12)]
  4515 | D:5      | Slain by an acid dragon

Illustrated notes

Levels and vault maps discovered:
D:1:      minmay_arrival_doors, layout_loops_cross
D:2:      layout_rooms
D:3:      layout_rooms, grunt_temple_overflow_forces_of_nature,
          mainiacjoe_overflow_concentric_impassable,
          nicolae_overflow_hidden_temple, shapermc_ecumenical_altar_venn
D:4:      layout_layer_cave, mainiacjoe_overflow_cross_hatched,
          minmay_temple_entry_trees
D:5:      cheibrodos_quashed, layout_basic, yredelemnul_forgotten_temple_becter,
          minmay_misc_feat_pillars, kennysheep_donut, minmay_bent, uniq_menkaure

Skill      XL: |  1  2  3  4  5  6  7 |
---------------+----------------------+-----
Dodging        | 2 3 4 |  4.0
Fighting       | 4 5 6 |  6.0
Maces & Flails | 4 5 |  5.4
Armour         | |  2.1

Action                   |  1- 3 |  4- 6 |  7- 9 || total
-------------------------+-------+-------+-------++-------
Melee: Mace              |    66 |       |       ||    66
       Flail             |    52 |   167 |    73 ||   292
Throw: Dart              |       |     3 |       ||     3
Invok: Berserk           |       |     3 |     3 ||     6
       Trog's Hand       |       |     1 |     1 ||     2
Armor: Animal skin       |     4 |       |       ||     4
       Ring mail         |    31 |       |       ||    31
       Chain mail        |    52 |    75 |    57 ||   184
Dodge: Dodged            |    59 |    45 |    37 ||   141
Block: Other             |       |    44 |    31 ||    75
